AoeStats
← ltjhoward

Oasis

510127046Analyzed
2v2 RM · 3d ago on Sep 29, 2026· 34m 48s· 4 players
Game mode
Random Map
Map size
Medium (4 player)
Population
200
Speed
Normal
Resources
Standard
Victory
Conquest
Starting age
Dark Age
Ending age
Imperial Age
RankedLock teamsTeams togetherTeam positionsShared explorationLock speedFull tech treeHidden civsTurbo modeCheats
Victory
Defeat
🇺🇸 Vietnamese · United States
1016
+13
🇺🇸 Franks · United States
997
+14
🇨🇴 Khmer · Colombia
955
-41
🇹🇷 Vikings · Türkiye
950
-13
JiLeTT
10:12 Feudal Age
10:21 Man-at-Arms
12:41 Scale Mail Armor
19:12 Castle Age
17:15 Horse Collar
17:47 Double-Bit Axe
18:15 Stone Mining
20:22 Gold Mining
21:27 Heavy Plow
22:06 Gold Shaft Mining
22:17 Bow Saw
25:04 Fletching
34:33 Imperial Age
34:25 Bodkin Arrow
34:30 Padded Archer Armor
Jorand323
0:28 Loom
11:08 Feudal Age
12:19 Double-Bit Axe
18:15 Castle Age
21:55 Fletching
23:53 Padded Archer Armor
24:59 Scale Mail Armor
25:15 Leather Archer Armor
28:25 Wheelbarrow
33:29 Imperial Age
32:03 Hand Cart
GooglyFi
5:48 Loom
12:40 Feudal Age
16:18 Castle Age
18:48 Double-Bit Axe
19:58 Stone Mining
20:37 Fletching
26:46 Bodkin Arrow
27:38 Wheelbarrow
32:26 Imperial Age
32:56 Fortified Wall
33:16 Bow Saw
33:53 Masonry
34:46 Chemistry
34:48 Conscription
ltjhoward
5:20 Loom
12:13 Feudal Age
18:04 Castle Age
16:01 Double-Bit Axe
16:43 Horse Collar
17:42 Stone Mining
17:44 Gold Mining
18:54 Wheelbarrow
18:07 Town Watch
19:12 Wheelbarrow
19:07 Heavy Plow
22:32 Fletching
22:44 Padded Archer Armor
23:28 Bodkin Arrow
27:05 Bow Saw
30:20 Imperial Age
29:22 Fortified Wall
29:33 Ballistics
29:19 Padded Archer Armor
32:43 Hand Cart
32:29 Town Patrol
32:48 Bracer
35:00 Chemistry
34:19 Leather Archer Armor
35:40 Two-Man Saw
35:06 Masonry
35:02 Siege Engineers
Connection lost

Rejoining the realm…

Still unreachable

The connection could not be restored.

Session expired

The server has moved on; the page needs a fresh start.